Connexion

Condors vs Senators

Created - 21 mars 2024 at 05:50

Goals
1 2 3 T
Condors 1 0 1 2
Senators 0 2 1 3
Shots
1 2 3 T
Condors 6 7 6 19
Senators 10 14 15 39

GoalsPenalties
1st period
1. Condors , Pascal Laberge 6 (Matteo Gennaro 11, Linus Nassen 35) at 15:04
Kyle Keyser (BAK) for Slashing (Minor) at 0:24 - Anthony Camara served the penalty.
Anthony Camara (BAK) for Hooking (Minor) at 4:48
2nd period
2. Senators , Layton Ahac 9 (Ben Jones 21) at 4:13
3. Senators , Joey Keane 7 (Ben Jones 22, Layton Ahac 28) at 19:10
Alex Beaucage (BEL) for Delaying the game (Minor) at 9:22
Anthony Camara (BAK) for Tripping (Minor) at 13:54
Joseph Masonius (BAK) for High sticking (Minor) at 16:56
3rd period
4. Senators , Aliaksei Protas 29 (Cole Schwindt 34, Zac Jones 43) at 1:24
5. Condors , Matt Filipe 40 (Linus Nassen 36, Jonathan Ang 48) at 9:07
Linus Nassen (BAK) for Interference (Minor) at 1:39
Connor Bunnaman (BAK) for Tripping (Minor) at 6:49
Linus Weissbach (BEL) for Hooking (Minor) at 12:01
Goalie Stats
Kyle Keyser (BAK), 36 saves from 39 shots - (0,923), L, 31-39-4, 59:07 minutes
Leevi Merilainen (BEL), 17 saves from 19 shots - (0,895), W, 36-25-4, 60:00 minutes
3 StarsOfficial
1 - Layton Ahac (BEL)
2 - Joey Keane (BEL)
3 - Matt Filipe (BAK)
Referees : Wes McCauley and Chris Lee
Linesman : Ryan Galloway and Steve Miller
Game Note
Matias Maccelli is injured at 12:12 of 1st period (Bruised Left Leg)
Matteo Gennaro is injured at 18:08 of 3rd period (Strained Right Knee)
Finance
Level 1 -- Attendance: 1748 (87,40%) -- Ticket Income $61,180
Level 2 -- Attendance: 937 (93,70%) -- Ticket Income $18,740
Total Attendance: 2685 (89,50%)
Total Ticket Income: $79,920
Other Income: $15,984
Total Income: $95,904



Team Name Goals Shots Shots Attemp Shots Blocked PIM HIT PP PK FO%
Condors 219411012230 / 2 (0%)042%
Senators 3397484270 / 6 (0%)058%

Condors
Player Name POS G A P +/- PIM HIT SHT SB MP PP MP PP SHT PK MP PK SHT FO% FOT
Anthony CamaraLW/RW000-2401016:311:1700:0000% 0
Brady Brassart C/RW000-1001010:140:0000:0000% 1
Brett PollockLW/RW0001031013:522:0000:0000% 0
Connor BunnamanC/LW000-2201021:531:1705:21048% 25
Joachim BlichfeldLW/RW000-2012023:221:1706:49025% 16
Jonathan AngC0111011118:092:0004:17065% 20
Joseph MasoniusD0001240115:060:4900:0400% 0
Linus NassenD0222201115:250:4900:3800% 0
Marc McNultyD000-1053121:330:4206:3000% 0
Marcus DavidssonC/LW/RW000100008:320:4101:0500% 0
Marcus VelaC000-1020010:550:4100:00025% 12
Matt FilipeC/LW1011032118:092:0004:17150% 2
Matteo GennaroC/LW011101008:500:0002:00033% 6
Michael BrodzinskiD000-2000121:110:4205:5700% 0
Mike CallahanD000-1012123:192:2725:1900% 0
Pascal LabergeC/LW/RW101100116:460:0000:0000% 1
Seth BartonD000-1020223:192:2705:1900% 0
Taylor CammarataC/LW000-1003010:550:4100:0000% 0
Senators
Player Name POS G A P +/- PIM HIT SHT SB MP PP MP PP SHT PK MP PK SHT FO% FOT
Adam BeckmanC/LW0000026020:566:4421:04050% 2
Akil ThomasC/RW0000002119:526:4410:00067% 30
Alex BeaucageLW/RW0001231013:350:0000:1000% 2
Aliaksei ProtasC1011013022:545:1011:33064% 25
Antoine RousselLW/RW0000025024:305:1011:4600% 5
Ben JonesC0221010013:260:0000:00067% 12
Cole SchwindtC/RW0111013022:095:1000:48050% 2
Ian MitchellD0000022221:445:4612:0400% 0
Jack RathboneD0000023121:445:4622:0400% 0
Jamieson ReesC000-100003:100:0001:47050% 4
Joey KeaneD1012011012:450:0000:1600% 0
Layton AhacD1122011112:470:0000:1800% 0
Linus WeissbachLW000-120101:220:0000:0000% 0
Matias MaccelliLW000000002:540:0000:0000% 1
Ryan MerkleyD000-1063225:316:0811:3800% 0
Tyler MaddenC0001002010:320:0000:0000% 0
Wade AllisonRW0000035020:406:4420:4800% 0
Zac JonesD011-1021125:296:0811:3600% 0



Play-by-Play

1st period


0:01 of 1st period - Aliaksei Protas wins face-off versus Connor Bunnaman in neutral zone.
0:20 of 1st period - Shot by Zac Jones.
0:20 of 1st period - Shot Blocked by Seth Barton.
0:22 of 1st period - Shot by Cole Schwindt.
0:22 of 1st period - Stopped by Kyle Keyser with a rebound.
0:24 of 1st period - Shot by Ryan Merkley.
0:24 of 1st period - Stopped by Kyle Keyser without a rebound.
0:24 of 1st period - Minor Penalty to Kyle Keyser for Slashing.
0:25 of 1st period - Akil Thomas wins face-off versus Joachim Blichfeld in Condors zone.
0:28 of 1st period - Shot by Adam Beckman.
0:28 of 1st period - Shot Misses the Net.
0:32 of 1st period - Shot by Ian Mitchell.
0:32 of 1st period - Stopped by Kyle Keyser without a rebound.
0:33 of 1st period - Aliaksei Protas wins face-off versus Jonathan Ang in Condors zone.
0:48 of 1st period - Shot by Aliaksei Protas.
0:48 of 1st period - Stopped by Kyle Keyser without a rebound.
0:49 of 1st period - Akil Thomas wins face-off versus Joachim Blichfeld in Condors zone.
0:52 of 1st period - Shot by Akil Thomas.
0:52 of 1st period - Deflect By Wade Allison.
0:52 of 1st period - Shot Misses the Net.
1:04 of 1st period - Shot by Akil Thomas.
1:04 of 1st period - Stopped by Kyle Keyser without a rebound.
1:05 of 1st period - Aliaksei Protas wins face-off versus Joachim Blichfeld in Condors zone.
1:23 of 1st period - Shot by Cole Schwindt.
1:23 of 1st period - Shot Blocked by Marc McNulty.
1:27 of 1st period - Shot by Zac Jones.
1:27 of 1st period - Stopped by Kyle Keyser without a rebound.
1:28 of 1st period - Akil Thomas wins face-off versus Joachim Blichfeld in Condors zone.
2:10 of 1st period - Ian Mitchell is hit by Marc McNulty and loses puck.
2:38 of 1st period - Shot by Taylor Cammarata.
2:38 of 1st period - Stopped by Leevi Merilainen without a rebound.
2:39 of 1st period - Aliaksei Protas wins face-off versus Jonathan Ang in Senators zone.
2:39 of 1st period - Aliaksei Protas is hit by Brett Pollock.
2:58 of 1st period - Aliaksei Protas is hit by Mike Callahan and loses puck.
4:18 of 1st period - Off-side.
4:19 of 1st period - Connor Bunnaman wins face-off versus Matias Maccelli in neutral zone.
4:26 of 1st period - Shot by Connor Bunnaman.
4:26 of 1st period - Stopped by Leevi Merilainen without a rebound.
4:27 of 1st period - Connor Bunnaman wins face-off versus Alex Beaucage in Senators zone.
4:30 of 1st period - Shot by Joachim Blichfeld.
4:30 of 1st period - Shot Blocked by Layton Ahac.
4:33 of 1st period - Icing by Joey Keane.
4:34 of 1st period - Connor Bunnaman wins face-off versus Ben Jones in Senators zone.
4:48 of 1st period - Minor Penalty to Anthony Camara for Hooking.
4:49 of 1st period - Akil Thomas wins face-off versus Joachim Blichfeld in Condors zone.
4:50 of 1st period - Shot by Adam Beckman.
4:50 of 1st period - Deflect By Wade Allison.
4:50 of 1st period - Shot Misses the Net.
5:05 of 1st period - Icing by Zac Jones.
5:06 of 1st period - Akil Thomas wins face-off versus Joachim Blichfeld in Senators zone.
5:28 of 1st period - Shot by Matt Filipe.
5:28 of 1st period - Stopped by Leevi Merilainen with a rebound.
6:38 of 1st period - Shot by Cole Schwindt.
6:38 of 1st period - Shot Misses the Net.
6:40 of 1st period - Shot by Antoine Roussel.
6:40 of 1st period - Stopped by Kyle Keyser without a rebound.
6:41 of 1st period - Jonathan Ang wins face-off versus Aliaksei Protas in Condors zone.
6:41 of 1st period - Jonathan Ang is hit by Cole Schwindt.
6:53 of 1st period - Shot by Layton Ahac.
6:53 of 1st period - Shot Misses the Net.
7:07 of 1st period - Icing by Joseph Masonius.
7:08 of 1st period - Matteo Gennaro wins face-off versus Aliaksei Protas in Condors zone.
7:08 of 1st period - Matteo Gennaro is hit by Antoine Roussel.
7:30 of 1st period - Shot by Antoine Roussel.
7:30 of 1st period - Stopped by Kyle Keyser without a rebound.
7:31 of 1st period - Jonathan Ang wins face-off versus Ben Jones in Condors zone.
7:31 of 1st period - Brett Pollock is hit by Ben Jones and loses puck.
7:51 of 1st period - Matt Filipe is hit by Joey Keane and loses puck.
8:28 of 1st period - Matt Filipe is hit by Alex Beaucage and loses puck.
8:43 of 1st period - Icing by Mike Callahan.
8:44 of 1st period - Aliaksei Protas wins face-off versus Jonathan Ang in Condors zone.
9:32 of 1st period - Shot by Michael Brodzinski.
9:32 of 1st period - Shot Misses the Net.
10:30 of 1st period - Taylor Cammarata is hit by Zac Jones and loses puck.
10:38 of 1st period - Taylor Cammarata is hit by Ryan Merkley and loses puck.
11:12 of 1st period - Icing by Joseph Masonius.
11:13 of 1st period - Marcus Vela wins face-off versus Jamieson Rees in Condors zone.
11:29 of 1st period - Shot by Linus Weissbach.
11:29 of 1st period - Stopped by Kyle Keyser with a rebound.
11:41 of 1st period - Shot by Jamieson Rees.
11:41 of 1st period - Shot Misses the Net.
11:43 of 1st period - Shot by Jack Rathbone.
11:43 of 1st period - Shot Blocked by Joseph Masonius.
11:50 of 1st period - Icing by Joseph Masonius.
11:51 of 1st period - Marcus Vela wins face-off versus Ben Jones in Condors zone.
12:11 of 1st period - Matias Maccelli is hit by Matt Filipe.
12:12 of 1st period - Matias Maccelli from Senators is injured at 12:12 of 1st period (Bruised Left Leg).
12:13 of 1st period - Akil Thomas wins face-off versus Connor Bunnaman in Senators zone.
12:17 of 1st period - Icing by Adam Beckman.
12:18 of 1st period - Connor Bunnaman wins face-off versus Akil Thomas in Senators zone.
12:39 of 1st period - Shot by Connor Bunnaman.
12:39 of 1st period - Deflect By Joachim Blichfeld.
12:39 of 1st period - Shot Misses the Net.
13:44 of 1st period - Icing by Aliaksei Protas.
13:45 of 1st period - Aliaksei Protas wins face-off versus Jonathan Ang in Senators zone.
13:45 of 1st period - Aliaksei Protas is hit by Jonathan Ang.
13:48 of 1st period - Icing by Antoine Roussel.
13:49 of 1st period - Jonathan Ang wins face-off versus Antoine Roussel in Senators zone.
14:01 of 1st period - Brett Pollock is hit by Jack Rathbone and loses puck.
15:04 of 1st period - Shot by Pascal Laberge.
15:04 of 1st period - Goal by Pascal Laberge - Condors : 1 - Senators : 0.
15:05 of 1st period - Akil Thomas wins face-off versus Marcus Vela in neutral zone.
15:05 of 1st period - Akil Thomas is hit by Marcus Vela.
15:09 of 1st period - Brady Brassart is hit by Wade Allison and loses puck.
15:56 of 1st period - Shot by Jonathan Ang.
15:56 of 1st period - Shot Misses the Net.
15:58 of 1st period - Shot by Brett Pollock.
15:58 of 1st period - Stopped by Leevi Merilainen without a rebound.
15:59 of 1st period - Aliaksei Protas wins face-off versus Connor Bunnaman in Senators zone.
16:12 of 1st period - Shot by Cole Schwindt.
16:12 of 1st period - Stopped by Kyle Keyser without a rebound.
16:13 of 1st period - Ben Jones wins face-off versus Matteo Gennaro in Condors zone.
16:13 of 1st period - Ben Jones is hit by Joseph Masonius.
16:38 of 1st period - Tyler Madden is hit by Joseph Masonius and loses puck.
16:52 of 1st period - Ben Jones is hit by Joseph Masonius and loses puck.
17:40 of 1st period - Off-side.
17:41 of 1st period - Jonathan Ang wins face-off versus Akil Thomas in neutral zone.
18:12 of 1st period - Shot by Jonathan Ang.
18:12 of 1st period - Shot Misses the Net.
19:22 of 1st period - Aliaksei Protas is hit by Brett Pollock and loses puck.
19:51 of 1st period - Shot by Anthony Camara.
19:51 of 1st period - Stopped by Leevi Merilainen without a rebound.
19:52 of 1st period - Akil Thomas wins face-off versus Marcus Vela in Senators zone.
Goals for this period are 1 for Condors vs 0 for Senators.
Shots for this period are 6 for Condors vs 10 for Senators.

2nd period


0:01 of 2nd period - Connor Bunnaman wins face-off versus Aliaksei Protas in neutral zone.
0:33 of 2nd period - Shot by Antoine Roussel.
0:33 of 2nd period - Stopped by Kyle Keyser with a rebound.
0:39 of 2nd period - Shot by Antoine Roussel.
0:39 of 2nd period - Stopped by Kyle Keyser with a rebound.
1:13 of 2nd period - Shot by Marcus Vela.
1:13 of 2nd period - Shot Misses the Net.
1:15 of 2nd period - Shot by Marc McNulty.
1:15 of 2nd period - Stopped by Leevi Merilainen with a rebound.
1:17 of 2nd period - Shot by Marcus Vela.
1:17 of 2nd period - Deflect By Taylor Cammarata.
1:17 of 2nd period - Stopped by Leevi Merilainen without a rebound.
1:18 of 2nd period - Ben Jones wins face-off versus Jonathan Ang in Senators zone.
1:39 of 2nd period - Tyler Madden is hit by Matt Filipe and loses puck.
2:17 of 2nd period - Icing by Ian Mitchell.
2:18 of 2nd period - Akil Thomas wins face-off versus Pascal Laberge in Senators zone.
2:40 of 2nd period - Shot by Adam Beckman.
2:40 of 2nd period - Stopped by Kyle Keyser with a rebound.
2:42 of 2nd period - Shot by Wade Allison.
2:42 of 2nd period - Stopped by Kyle Keyser without a rebound.
2:43 of 2nd period - Cole Schwindt wins face-off versus Connor Bunnaman in Condors zone.
2:54 of 2nd period - Shot by Joachim Blichfeld.
2:54 of 2nd period - Deflect By Connor Bunnaman.
2:54 of 2nd period - Shot Misses the Net.
2:56 of 2nd period - Shot by Mike Callahan.
2:56 of 2nd period - Shot Misses the Net.
3:18 of 2nd period - Shot by Joachim Blichfeld.
3:18 of 2nd period - Shot Blocked by Zac Jones.
3:20 of 2nd period - Shot by Mike Callahan.
3:20 of 2nd period - Shot Blocked by Ryan Merkley.
3:38 of 2nd period - Shot by Taylor Cammarata.
3:38 of 2nd period - Shot Blocked by Ryan Merkley.
3:42 of 2nd period - Shot by Taylor Cammarata.
3:42 of 2nd period - Stopped by Leevi Merilainen without a rebound.
3:43 of 2nd period - Jonathan Ang wins face-off versus Akil Thomas in Senators zone.
3:58 of 2nd period - Shot by Brett Pollock.
3:58 of 2nd period - Shot Blocked by Ian Mitchell.
4:01 of 2nd period - Icing by Ian Mitchell.
4:02 of 2nd period - Akil Thomas wins face-off versus Marcus Vela in Senators zone.
4:11 of 2nd period - Shot by Akil Thomas.
4:11 of 2nd period - Stopped by Kyle Keyser without a rebound.
4:12 of 2nd period - Ben Jones wins face-off versus Connor Bunnaman in Condors zone.
4:13 of 2nd period - Shot by Layton Ahac.
4:13 of 2nd period - Goal by Layton Ahac - Condors : 1 - Senators : 1.
4:14 of 2nd period - Akil Thomas wins face-off versus Connor Bunnaman in neutral zone.
4:23 of 2nd period - Shot by Wade Allison.
4:23 of 2nd period - Stopped by Kyle Keyser without a rebound.
4:24 of 2nd period - Jonathan Ang wins face-off versus Cole Schwindt in Condors zone.
4:48 of 2nd period - Shot by Brett Pollock.
4:48 of 2nd period - Shot Misses the Net.
5:00 of 2nd period - Shot by Jonathan Ang.
5:00 of 2nd period - Shot Misses the Net.
5:02 of 2nd period - Shot by Marc McNulty.
5:02 of 2nd period - Stopped by Leevi Merilainen with a rebound.
5:40 of 2nd period - Shot by Ian Mitchell.
5:40 of 2nd period - Stopped by Kyle Keyser with a rebound.
5:44 of 2nd period - Shot by Wade Allison.
5:44 of 2nd period - Shot Blocked by Seth Barton.
5:59 of 2nd period - Ian Mitchell is hit by Marcus Vela and loses puck.
6:19 of 2nd period - Brady Brassart is hit by Ian Mitchell and loses puck.
6:22 of 2nd period - Shot by Brady Brassart .
6:22 of 2nd period - Stopped by Leevi Merilainen with a rebound.
6:48 of 2nd period - Shot by Marcus Davidsson.
6:48 of 2nd period - Shot Misses the Net.
7:31 of 2nd period - Shot by Tyler Madden.
7:31 of 2nd period - Stopped by Kyle Keyser without a rebound.
7:32 of 2nd period - Connor Bunnaman wins face-off versus Aliaksei Protas in Condors zone.
8:57 of 2nd period - Shot by Taylor Cammarata.
8:57 of 2nd period - Shot Misses the Net.
8:59 of 2nd period - Shot by Marc McNulty.
8:59 of 2nd period - Stopped by Leevi Merilainen without a rebound.
9:00 of 2nd period - Ben Jones wins face-off versus Matteo Gennaro in Senators zone.
9:00 of 2nd period - Layton Ahac is hit by Matteo Gennaro and loses puck.
9:14 of 2nd period - Ben Jones is hit by Marc McNulty and loses puck.
9:22 of 2nd period - Minor Penalty to Alex Beaucage for Delaying the game.
9:23 of 2nd period - Adam Beckman wins face-off versus Connor Bunnaman in Senators zone.
9:29 of 2nd period - Icing by Mike Callahan.
9:30 of 2nd period - Jamieson Rees wins face-off versus Connor Bunnaman in Condors zone.
9:37 of 2nd period - Shot by Adam Beckman.
9:37 of 2nd period - Shot Misses the Net.
9:41 of 2nd period - Shot by Jack Rathbone.
9:41 of 2nd period - Shot Misses the Net.
9:43 of 2nd period - Shot by Jamieson Rees.
9:43 of 2nd period - Shot Misses the Net.
9:58 of 2nd period - Icing by Seth Barton.
9:59 of 2nd period - Connor Bunnaman wins face-off versus Antoine Roussel in Condors zone.
10:22 of 2nd period - Jamieson Rees is hit by Joachim Blichfeld.
11:27 of 2nd period - Shot by Linus Nassen.
11:27 of 2nd period - Stopped by Leevi Merilainen without a rebound.
11:28 of 2nd period - Ben Jones wins face-off versus Marcus Vela in Senators zone.
11:37 of 2nd period - Taylor Cammarata is hit by Alex Beaucage and loses puck.
12:45 of 2nd period - Akil Thomas is hit by Matt Filipe.
12:46 of 2nd period - Icing by Akil Thomas.
12:47 of 2nd period - Akil Thomas wins face-off versus Connor Bunnaman in Senators zone.
13:11 of 2nd period - Icing by Mike Callahan.
13:12 of 2nd period - Connor Bunnaman wins face-off versus Aliaksei Protas in Condors zone.
13:36 of 2nd period - Icing by Mike Callahan.
13:37 of 2nd period - Ben Jones wins face-off versus Connor Bunnaman in Condors zone.
13:54 of 2nd period - Minor Penalty to Anthony Camara for Tripping.
13:55 of 2nd period - Aliaksei Protas wins face-off versus Jonathan Ang in Condors zone.
13:58 of 2nd period - Shot by Antoine Roussel.
13:58 of 2nd period - Shot Blocked by Matt Filipe.
14:00 of 2nd period - Shot by Cole Schwindt.
14:00 of 2nd period - Deflect By Aliaksei Protas.
14:00 of 2nd period - Shot Blocked by Jonathan Ang.
14:02 of 2nd period - Shot by Antoine Roussel.
14:02 of 2nd period - Shot Misses the Net.
14:10 of 2nd period - Shot by Jack Rathbone.
14:10 of 2nd period - Stopped by Kyle Keyser without a rebound.
14:11 of 2nd period - Akil Thomas wins face-off versus Joachim Blichfeld in Condors zone.
14:40 of 2nd period - Shot by Wade Allison.
14:40 of 2nd period - Stopped by Kyle Keyser with a rebound.
14:42 of 2nd period - Shot by Wade Allison.
14:42 of 2nd period - Stopped by Kyle Keyser with a rebound.
15:17 of 2nd period - Shot by Ian Mitchell.
15:17 of 2nd period - Deflect By Aliaksei Protas.
15:17 of 2nd period - Shot Misses the Net.
16:03 of 2nd period - Shot by Alex Beaucage.
16:03 of 2nd period - Stopped by Kyle Keyser without a rebound.
16:04 of 2nd period - Marcus Vela wins face-off versus Ben Jones in Condors zone.
16:13 of 2nd period - Marcus Vela is hit by Alex Beaucage and loses puck.
16:52 of 2nd period - Linus Nassen is hit by Wade Allison and loses puck.
16:56 of 2nd period - Minor Penalty to Joseph Masonius for High sticking.
16:57 of 2nd period - Joachim Blichfeld wins face-off versus Aliaksei Protas in Condors zone.
16:57 of 2nd period - Joachim Blichfeld is hit by Aliaksei Protas.
17:13 of 2nd period - Jonathan Ang is hit by Antoine Roussel and loses puck.
18:00 of 2nd period - Icing by Adam Beckman.
18:01 of 2nd period - Joachim Blichfeld wins face-off versus Akil Thomas in Senators zone.
19:08 of 2nd period - Shot by Ben Jones.
19:08 of 2nd period - Shot Misses the Net.
19:10 of 2nd period - Shot by Joey Keane.
19:10 of 2nd period - Goal by Joey Keane - Condors : 1 - Senators : 2.
19:11 of 2nd period - Jamieson Rees wins face-off versus Matteo Gennaro in neutral zone.
19:59 of 2nd period - Shot by Alex Beaucage.
19:59 of 2nd period - Shot Blocked by Pascal Laberge.
Goals for this period are 0 for Condors vs 2 for Senators.
Shots for this period are 7 for Condors vs 14 for Senators.

3rd period


0:01 of 3rd period - Aliaksei Protas wins face-off versus Connor Bunnaman in neutral zone.
0:04 of 3rd period - Shot by Ryan Merkley.
0:04 of 3rd period - Shot Misses the Net.
0:06 of 3rd period - Shot by Antoine Roussel.
0:06 of 3rd period - Shot Misses the Net.
0:16 of 3rd period - Shot by Antoine Roussel.
0:16 of 3rd period - Stopped by Kyle Keyser without a rebound.
0:17 of 3rd period - Jonathan Ang wins face-off versus Akil Thomas in Condors zone.
0:26 of 3rd period - Shot by Michael Brodzinski.
0:26 of 3rd period - Shot Blocked by Akil Thomas.
0:28 of 3rd period - Shot by Jonathan Ang.
0:28 of 3rd period - Shot Blocked by Ian Mitchell.
0:30 of 3rd period - Shot by Michael Brodzinski.
0:30 of 3rd period - Shot Misses the Net.
0:50 of 3rd period - Shot by Jonathan Ang.
0:50 of 3rd period - Shot Blocked by Jack Rathbone.
1:22 of 3rd period - Shot by Cole Schwindt.
1:22 of 3rd period - Stopped by Kyle Keyser with a rebound.
1:24 of 3rd period - Shot by Aliaksei Protas.
1:24 of 3rd period - Goal by Aliaksei Protas - Condors : 1 - Senators : 3.
1:25 of 3rd period - Ben Jones wins face-off versus Marcus Vela in neutral zone.
1:38 of 3rd period - Shot by Alex Beaucage.
1:38 of 3rd period - Shot Blocked by Linus Nassen.
1:39 of 3rd period - Minor Penalty to Linus Nassen for Interference.
1:40 of 3rd period - Aliaksei Protas wins face-off versus Joachim Blichfeld in Condors zone.
1:40 of 3rd period - Zac Jones is hit by Seth Barton and loses puck.
2:21 of 3rd period - Shot by Ryan Merkley.
2:21 of 3rd period - Stopped by Kyle Keyser without a rebound.
2:22 of 3rd period - Jonathan Ang wins face-off versus Akil Thomas in Condors zone.
2:53 of 3rd period - Seth Barton is hit by Adam Beckman and loses puck.
4:33 of 3rd period - Pascal Laberge is hit by Layton Ahac and loses puck.
4:49 of 3rd period - Pascal Laberge is hit by Jack Rathbone and loses puck.
5:10 of 3rd period - Shot by Jack Rathbone.
5:10 of 3rd period - Stopped by Kyle Keyser without a rebound.
5:11 of 3rd period - Aliaksei Protas wins face-off versus Jonathan Ang in Condors zone.
5:11 of 3rd period - Cole Schwindt is hit by Marc McNulty and loses puck.
5:15 of 3rd period - Cole Schwindt is hit by Marc McNulty and loses puck.
5:24 of 3rd period - Shot by Antoine Roussel.
5:24 of 3rd period - Shot Misses the Net.
5:26 of 3rd period - Shot by Ryan Merkley.
5:26 of 3rd period - Shot Blocked by Michael Brodzinski.
5:33 of 3rd period - Icing by Michael Brodzinski.
5:34 of 3rd period - Jonathan Ang wins face-off versus Adam Beckman in Condors zone.
6:01 of 3rd period - Shot by Wade Allison.
6:01 of 3rd period - Shot Misses the Net.
6:03 of 3rd period - Shot by Adam Beckman.
6:03 of 3rd period - Stopped by Kyle Keyser without a rebound.
6:04 of 3rd period - Aliaksei Protas wins face-off versus Connor Bunnaman in Condors zone.
6:04 of 3rd period - Cole Schwindt is hit by Joseph Masonius and loses puck.
6:35 of 3rd period - Shot by Aliaksei Protas.
6:35 of 3rd period - Shot Misses the Net.
6:37 of 3rd period - Shot by Antoine Roussel.
6:37 of 3rd period - Shot Misses the Net.
6:49 of 3rd period - Minor Penalty to Connor Bunnaman for Tripping.
6:50 of 3rd period - Akil Thomas wins face-off versus Joachim Blichfeld in Condors zone.
7:02 of 3rd period - Icing by Adam Beckman.
7:03 of 3rd period - Akil Thomas wins face-off versus Joachim Blichfeld in Senators zone.
7:08 of 3rd period - Matteo Gennaro is hit by Adam Beckman and loses puck.
7:17 of 3rd period - Shot by Adam Beckman.
7:17 of 3rd period - Stopped by Kyle Keyser without a rebound.
7:18 of 3rd period - Aliaksei Protas wins face-off versus Matteo Gennaro in Condors zone.
8:15 of 3rd period - Shot by Adam Beckman.
8:15 of 3rd period - Stopped by Kyle Keyser without a rebound.
8:16 of 3rd period - Akil Thomas wins face-off versus Joachim Blichfeld in Condors zone.
8:17 of 3rd period - Shot by Jack Rathbone.
8:17 of 3rd period - Stopped by Kyle Keyser without a rebound.
8:18 of 3rd period - Joachim Blichfeld wins face-off versus Akil Thomas in Condors zone.
8:26 of 3rd period - Icing by Wade Allison.
8:27 of 3rd period - Akil Thomas wins face-off versus Joachim Blichfeld in Senators zone.
8:29 of 3rd period - Icing by Adam Beckman.
8:30 of 3rd period - Joachim Blichfeld wins face-off versus Akil Thomas in Senators zone.
8:54 of 3rd period - Shot by Aliaksei Protas.
8:54 of 3rd period - Shot Misses the Net.
8:59 of 3rd period - Icing by Brett Pollock.
9:00 of 3rd period - Jonathan Ang wins face-off versus Jamieson Rees in Condors zone.
9:07 of 3rd period - Shot by Matt Filipe.
9:07 of 3rd period - Goal by Matt Filipe - Condors : 2 - Senators : 3.
9:08 of 3rd period - Aliaksei Protas wins face-off versus Marcus Vela in neutral zone.
10:10 of 3rd period - Anthony Camara is hit by Ryan Merkley and loses puck.
10:56 of 3rd period - Shot by Wade Allison.
10:56 of 3rd period - Shot Misses the Net.
10:58 of 3rd period - Shot by Akil Thomas.
10:58 of 3rd period - Shot Misses the Net.
11:34 of 3rd period - Shot by Alex Beaucage.
11:34 of 3rd period - Shot Misses the Net.
12:01 of 3rd period - Minor Penalty to Linus Weissbach for Hooking.
12:02 of 3rd period - Jonathan Ang wins face-off versus Antoine Roussel in Senators zone.
12:05 of 3rd period - Shot by Mike Callahan.
12:05 of 3rd period - Stopped by Leevi Merilainen without a rebound.
12:06 of 3rd period - Jonathan Ang wins face-off versus Antoine Roussel in Senators zone.
12:09 of 3rd period - Shot by Mike Callahan.
12:09 of 3rd period - Stopped by Leevi Merilainen without a rebound.
12:10 of 3rd period - Jonathan Ang wins face-off versus Antoine Roussel in Senators zone.
12:27 of 3rd period - Shot by Mike Callahan.
12:27 of 3rd period - Shot Misses the Net.
12:30 of 3rd period - Matt Filipe is hit by Ian Mitchell and loses puck.
12:52 of 3rd period - Wade Allison is hit by Brett Pollock and loses puck.
13:30 of 3rd period - Shot by Marcus Davidsson.
13:30 of 3rd period - Shot Misses the Net.
14:16 of 3rd period - Shot by Tyler Madden.
14:16 of 3rd period - Stopped by Kyle Keyser without a rebound.
14:17 of 3rd period - Akil Thomas wins face-off versus Brady Brassart in Condors zone.
14:20 of 3rd period - Shot by Akil Thomas.
14:20 of 3rd period - Deflect By Adam Beckman.
14:20 of 3rd period - Stopped by Kyle Keyser without a rebound.
14:21 of 3rd period - Akil Thomas wins face-off versus Marcus Vela in Condors zone.
14:38 of 3rd period - Shot by Wade Allison.
14:38 of 3rd period - Stopped by Kyle Keyser without a rebound.
14:39 of 3rd period - Connor Bunnaman wins face-off versus Alex Beaucage in Condors zone.
15:36 of 3rd period - Shot by Jonathan Ang.
15:36 of 3rd period - Stopped by Leevi Merilainen without a rebound.
15:37 of 3rd period - Aliaksei Protas wins face-off versus Marcus Vela in Senators zone.
15:57 of 3rd period - Shot by Aliaksei Protas.
15:57 of 3rd period - Stopped by Kyle Keyser without a rebound.
15:58 of 3rd period - Matt Filipe wins face-off versus Akil Thomas in Condors zone.
17:41 of 3rd period - Icing by Zac Jones.
17:42 of 3rd period - Ben Jones wins face-off versus Marcus Vela in Senators zone.
18:04 of 3rd period - Shot by Ben Jones.
18:04 of 3rd period - Shot Misses the Net.
18:06 of 3rd period - Shot by Ryan Merkley.
18:06 of 3rd period - Stopped by Kyle Keyser without a rebound.
18:07 of 3rd period - Matteo Gennaro wins face-off versus Akil Thomas in Condors zone.
18:07 of 3rd period - Matteo Gennaro is hit by Wade Allison.
18:08 of 3rd period - Matteo Gennaro from Condors is injured at 18:08 of 3rd period (Strained Right Knee).
18:09 of 3rd period - Akil Thomas wins face-off versus Matt Filipe in Condors zone.
18:09 of 3rd period - Akil Thomas is hit by Seth Barton.
18:33 of 3rd period - Shot by Wade Allison.
18:33 of 3rd period - Shot Misses the Net.
18:35 of 3rd period - Shot by Wade Allison.
18:35 of 3rd period - Shot Misses the Net.
18:37 of 3rd period - Shot by Adam Beckman.
18:37 of 3rd period - Shot Blocked by Mike Callahan.
18:39 of 3rd period - Shot by Adam Beckman.
18:39 of 3rd period - Stopped by Kyle Keyser without a rebound.
18:40 of 3rd period - Aliaksei Protas wins face-off versus Connor Bunnaman in Condors zone.
18:42 of 3rd period - Antoine Roussel is hit by Marc McNulty and loses puck.
19:05 of 3rd period - Icing by Antoine Roussel.
19:06 of 3rd period - Connor Bunnaman wins face-off versus Aliaksei Protas in Senators zone.
19:07 of 3rd period - Condors, Kyle Keyser is pulled from the net.
19:10 of 3rd period - Anthony Camara is hit by Ryan Merkley and loses puck.
19:18 of 3rd period - Connor Bunnaman is hit by Zac Jones and loses puck.
19:22 of 3rd period - Seth Barton is hit by Ryan Merkley and loses puck.
19:26 of 3rd period - Mike Callahan is hit by Ryan Merkley and loses puck.
19:31 of 3rd period - Shot by Joachim Blichfeld.
19:31 of 3rd period - Stopped by Leevi Merilainen without a rebound.
19:32 of 3rd period - Connor Bunnaman wins face-off versus Aliaksei Protas in Senators zone.
19:35 of 3rd period - Shot by Joachim Blichfeld.
19:35 of 3rd period - Stopped by Leevi Merilainen without a rebound.
19:36 of 3rd period - Connor Bunnaman wins face-off versus Aliaksei Protas in Senators zone.
19:40 of 3rd period - Anthony Camara is hit by Ryan Merkley and loses puck.
Goals for this period are 1 for Condors vs 1 for Senators.
Shots for this period are 6 for Condors vs 15 for Senators.